 Dungeon Crawl Stone Soup version 0.21.1-1-g345015f (webtiles) character file.

29796 spiff the Carver (level 13, -8/103 HPs)
             Began as a Human Artificer on July 6, 2018.
             Was a High Priest of the Shining One.
             Mangled by a wolf spider simulacrum (10 damage)
             ... in an ice cave on July 7, 2018.
             The game lasted 00:50:27 (20066 turns).

spiff the Carver (Human Artificer)                 Turns: 20066, Time: 00:50:27

Health: -8/103     AC: 18    Str: 17    XL:     13   Next: 83%
Magic:  18/18      EV: 16    Int: 11    God:    the Shining One [*****.]
Gold:   437        SH:  0    Dex: 20    Spells: 12/12 levels left

rFire    . . .     SeeInvis .   T - +0 scimitar
rCold    . . .     Gourm    .   (no shield)
rNeg     + + .     Faith    .   i - +2 scale mail {rPois}
rPois    +         Spirit   .   G - +2 hat
rElec    .         Reflect  .   F - +1 cloak
rCorr    .         Harm     .   R - +0 pair of gloves
MR       .....                  (no boots)
Stlth    +.........             N - amulet of regeneration
HPRegen  0.67/turn              y - +3 ring of protection
MPRegen  0.16/turn              O - +5 ring of dexterity

@: glowing
A: no striking features
a: Divine Shield, Cleansing Flame, Summon Divine Warrior, Renounce Religion


You were in an ice cave.
You worshipped the Shining One.
The Shining One was extremely pleased with you.
You were not hungry.

You visited 3 branches of the dungeon, and saw 16 of its levels.
You also visited: Ice Cave.

You collected 822 gold pieces.
You spent 385 gold pieces at shops.

Inventory:

Hand Weapons
 b - a +0 hunting sling
 B - a +3 shortbow
 T - a +0 scimitar (weapon)
Missiles
 n - 370 stones (quivered)
 q - 67 sling bullets
Armour
 i - a +2 scale mail of poison resistance (worn)
 m - a +0 leather armour
 D - the +0 Maxwell's etheric cage {RegenMP+ *Contam rElec MP+4}
   (You took it off Robin on level 5 of the Dungeon)

   It insulates you from electricity.
   It affects your magic capacity (+4).
   It causes magical contamination when unequipped.
 F - a +1 cloak (worn)
 G - a +2 hat (worn)
 R - a +0 pair of gloves (worn)
Jewellery
 w - an uncursed ring of magical power
 y - a +3 ring of protection (left hand)
 A - an uncursed ring of see invisible
 N - an amulet of regeneration (around neck)
 O - a +5 ring of dexterity (right hand)
Wands
 c - a wand of flame (3)
 d - a wand of enslavement (8)
 p - a wand of disintegration (1)
 H - a wand of acid (2)
 Q - a wand of paralysis (24)
 W - a wand of polymorph (14)
Scrolls
 g - 7 scrolls of identify
 k - 2 scrolls of blinking
 o - 3 scrolls of enchant armour
 r - 4 scrolls of immolation
 s - 9 scrolls of teleportation
 t - 7 scrolls of remove curse
 u - 5 scrolls of fog
 z - 2 scrolls of amnesia
 M - 4 scrolls of enchant weapon
 S - a scroll of magic mapping
Potions
 e - a potion of cancellation
 h - 3 potions of mutation
 j - a potion of lignification
 l - 5 potions of flight
 v - 2 potions of magic
 x - a potion of resistance
 C - a potion of agility
 E - 3 potions of berserk rage
 K - a potion of curing
 P - 2 potions of heal wounds
 U - 4 potions of might
Books
 I - a book of Callings

   Spells                             Type                      Level
   a - Summon Small Mammal            Summoning                    1
   b - Call Imp                       Summoning                    2
   c - Call Canine Familiar           Summoning                    3
   d - Summon Guardian Golem          Hexes/Summoning              3
   e - Summon Lightning Spire         Summoning/Air                4
   f - Summon Ice Beast               Ice/Summoning                4
 J - the Volume of Icy Lightness
   (You found it on level 8 of the Dungeon)

   Spells                             Type                      Level
   a - Ozocubu's Armour               Charms/Ice                   3
   b - Mephitic Cloud                 Conjuration/Poison/Air       3
   c - Static Discharge               Conjuration/Air              3
   d - Silence                        Hexes/Air                    5
   e - Deflect Missiles               Charms/Air                   6
 L - a book of Maledictions

   Spells                             Type                      Level
   a - Corona                         Hexes                        1
   b - Ensorcelled Hibernation        Hexes/Ice                    2
   c - Confuse                        Hexes                        3
   d - Tukima's Dance                 Hexes                        3
   e - Dazzling Spray                 Conjuration/Hexes            3
 V - a book of Fire

   Spells                             Type                      Level
   a - Ignite Poison                  Fire/Transmutation/Poison    3
   b - Fireball                       Conjuration/Fire             5
   c - Bolt of Fire                   Conjuration/Fire             6
   d - Ring of Flames                 Charms/Fire                  7
   e - Ignition                       Fire                         8
Comestibles
 a - 17 chunks of flesh
 f - 29 rations


   Skills:
 - Level 10.0 Fighting
   Level 1.0(9.4) Short Blades
 - Level 14.0 Long Blades
 + Level 7.9 Armour
 + Level 9.3 Dodging
 - Level 1.0 Stealth
 - Level 5.0 Invocations
 - Level 7.0 Evocations


You had 12 spell levels left.
You didn't know any spells.

Dungeon Overview and Level Annotations

Branches:
Dungeon (9/15)             Temple (1/1) D:5            Lair (6/6) D:9
 Shoals (0/4) Lair:4       Spider (0/4) Lair:4        Slime (0/5) Lair:5
    Orc: D:9-12

Altars:
Ashenzari
Cheibriados
Dithmenos
Elyvilon
Fedhas
Gozag
Kikubaaqudgha
Nemelex Xobeh
Okawaru
Qazlal
Ru
Sif Muna
Uskayaw
Vehumet
Wu Jian
Yredelemnul
Zin
The Shining One
Jiyva

Shops:
D:7 [

Annotations:
D:4 1 runed door, Grinder
D:8 2 transporters
D:9 Erolcha
Lair:4 exclusion: 2 downstairs
Lair:5 exclusion: 5 oklob plants


Message History

Evoke which item? (* to show all) (? for menu, Esc to quit)
Aiming: Throw Flame
Press: ? - help, Shift-Dir - straight line, f/p - wolf spider simulacrum
Aim: a wolf spider simulacrum (heavily damaged, haloed)
The puff of flame hits the wolf spider simulacrum.
The wolf spider simulacrum melts!
The wolf spider simulacrum is heavily damaged.
The wolf spider simulacrum hits you!
The wolf spider simulacrum freezes you!!
* * * LOW HITPOINT WARNING * * *
The wolf spider simulacrum bites you.
* * * LOW HITPOINT WARNING * * *
The wolf spider simulacrum freezes you!
* * * LOW HITPOINT WARNING * * *
The wolf spider simulacrum barely misses you.
You riposte.
You slash the wolf spider simulacrum!
The wolf spider simulacrum is almost destroyed.
The wolf spider simulacrum bites you but does no damage.
You fail to use your ability.
The wolf spider simulacrum hits you!
You die...

#### ##
##..##
##..##....##
#.....Z....#
......Z@.∩.#
..##.......#
###....##
##..## ####


You could see a polar bear simulacrum and a wolf spider simulacrum.

Vanquished Creatures
  A hydra (Lair:4)
  A two-headed ogre (D:9)
  A death yak (Lair:4)
  The ghost of Kagorn the Skirmisher, a novice HaFi of Dithmenos (D:8)
  A manticore (Lair:4)
  9 elephants
  3 black mambas
  10 spiny frogs
  A torpor snail (Lair:5)
  5 komodo dragons
  2 rime drakes
  Prince Ribbit (D:6)
  20 blink frogs
  5 hippogriffs
  Sigmund (D:6)
  A wyvern (Lair:3)
  24 yaks
  3 basilisks
  Edmund (D:6)
  19 water moccasins
  14 porcupines
  2 hell hounds (D:9)
  3 ice beasts
  3 orc warriors
  A phantom (D:6)
  2 sky beasts
  2 black bears
  5 ogres
  4 wolves (Lair:4)
  4 centaurs
  11 crocodiles
  A big kobold (D:8)
  7 bullfrogs
  5 scorpions
  3 killer bees (D:7)
  3 wights (D:9)
  4 howler monkeys
  4 crimson imps
  A centaur zombie (D:5)
  3 orc priests
  A bullfrog skeleton (D:9)
  A gnoll shaman (D:4)
  4 hounds
  4 jellies
  An orc wizard (D:5)
  2 centaur skeletons
  3 iguanas
  4 worker ants
  A human skeleton (D:4)
  A killer bee zombie (D:6)
  2 wolf simulacra (IceCv)
  2 worker ant zombies
  Robin (D:5)
  15 gnolls
  15 adders
  3 shadow imps
  12 white imps
  An adder zombie (D:9)
  7 oozes
  2 worms (Lair:4)
  4 dart slugs
  6 leopard geckos
  25 orcs
  8 giant cockroaches
  9 goblins
  11 hobgoblins
  6 jackals
  5 quokkas
  A ball python (D:3)
  7 bats
  3 frilled lizards
  A jackal zombie (D:4)
  4 kobolds
  10 rats
374 creatures vanquished.

Vanquished Creatures (collateral kills)
  A killer bee (D:7)
  An orc priest (D:7)
  3 orc wizards
5 creatures vanquished.

Vanquished Creatures (others)
  2 killer bees (D:7)
  10 fungi
  4 plants
16 creatures vanquished.

Grand Total: 395 creatures vanquished

Notes
Turn   | Place    | Note
-------+----------+-------------------------------------------
     0 | D:1      | spiff the Human Artificer began the quest for the Orb.
     0 | D:1      | Reached XP level 1. HP: 15/15 MP: 3/3
   153 | D:1      | Reached XP level 2. HP: 19/21 MP: 4/4
   379 | D:1      | Reached XP level 3. HP: 26/27 MP: 5/5
  1189 | D:2      | Reached XP level 4. HP: 34/34 MP: 6/6
  1793 | D:3      | Reached XP level 5. HP: 36/41 MP: 7/7
  2450 | D:3      | Found an iron altar of Okawaru.
  2491 | D:3      | Found a sacrificial altar of Ru.
  2690 | D:4      | Found a shattered altar of Ashenzari.
  2744 | D:4      | Found a blossoming altar of Fedhas.
  2777 | D:4      | Noticed Grinder
  2800 | D:4      | Paralysed by Grinder for 3 turns
  3112 | D:4      | Found a runed door.
  3112 | D:4      | Noticed a human
  3115 | D:4      | Found a basalt altar of Yredelemnul.
  3322 | D:5      | Entered Level 5 of the Dungeon
  3364 | D:5      | Reached XP level 6. HP: 37/48 MP: 8/8
  3905 | D:5      | Reached skill level 1 in Long Blades
  3931 | D:5      | Reached skill level 5 in Dodging
  4107 | D:5      | Reached skill level 2 in Long Blades
  4107 | D:5      | Reached XP level 7. HP: 38/54 MP: 9/9
  4334 | D:5      | Reached skill level 3 in Long Blades
  4423 | D:5      | Noticed a water moccasin
  4450 | D:5      | Killed a water moccasin
  4450 | D:5      | Reached skill level 4 in Long Blades
  4478 | D:5      | Reached skill level 5 in Long Blades
  4489 | D:5      | HP: 3/81 [worker ant (3)]
  4495 | D:4      | HP: 2/54 [poisoned by an adder]
  4502 | D:4      | HP: 1/81 [giant cockroach (2)]
  4811 | D:5      | Reached XP level 8. HP: 19/60 MP: 10/10
  5333 | D:5      | Reached skill level 6 in Long Blades
  5521 | D:5      | Found a basalt altar of Yredelemnul.
  5522 | D:5      | Found a shadowy altar of Dithmenos.
  5778 | D:5      | Reached skill level 7 in Long Blades
  6123 | D:5      | Found a glowing silver altar of Zin.
  6126 | D:5      | Found an opulent altar of Gozag.
  6428 | D:5      | Found a staircase to the Ecumenical Temple.
  6436 | Temple   | Entered the Ecumenical Temple
  6511 | Temple   | Became a worshipper of the Shining One
  6811 | D:6      | Noticed Sigmund
  6813 | D:6      | Killed Sigmund
  6813 | D:6      | Reached skill level 8 in Long Blades
  6813 | D:6      | Reached XP level 9. HP: 65/65 MP: 11/11
  7191 | D:6      | Noticed Robin
  7196 | D:6      | Noticed Prince Ribbit
  7216 | D:5      | Killed Robin
  7267 | D:6      | Found a deep blue altar of Sif Muna.
  7502 | D:6      | Noticed Edmund
  7505 | D:6      | Reached skill level 9 in Long Blades
  8074 | D:6      | Killed Prince Ribbit
  8676 | D:6      | Killed Edmund
  8676 | D:6      | Reached skill level 10 in Long Blades
  9463 | D:7      | Found Nymemn's Armour Emporium.
  9466 | D:7      | Bought a +1 cloak for 161 gold pieces
  9466 | D:7      | Bought a +2 hat for 224 gold pieces
 10256 | D:7      | Reached skill level 11 in Long Blades
 10596 | D:8      | Reached skill level 1 in Armour
 10596 | D:8      | Reached XP level 10. HP: 66/72 MP: 12/12
 10600 | D:8      | Identified the Volume of Icy Lightness
 10738 | D:8      | Found a transporter.
 10747 | D:8      | Noticed a purple ugly thing
 10748 | D:8      | Noticed a deep troll
 10751 | D:8      | Found an ancient bone altar of Kikubaaqudgha.
 10761 | D:8      | Found a transporter.
 10792 | D:8      | Noticed Kagorn's ghost (novice HaFi)
 10796 | D:8      | Reached * piety under the Shining One
 11099 | D:8      | Killed Kagorn's ghost
 11099 | D:8      | Reached skill level 5 in Fighting
 11935 | D:9      | Found a hide-covered altar of Uskayaw.
 12018 | D:9      | Noticed a two-headed ogre
 12163 | D:9      | Killed a two-headed ogre
 12163 | D:9      | Reached skill level 5 in Evocations
 12224 | D:9      | Found a staircase to the Lair.
 12225 | D:9      | Reached ** piety under the Shining One
 12242 | D:9      | Reached XP level 11. HP: 78/81 MP: 14/14
 12492 | D:9      | Noticed Erolcha
 13122 | Lair:1   | Entered Level 1 of the Lair of Beasts
 13344 | Lair:1   | Reached skill level 5 in Armour
 14146 | Lair:2   | Noticed a four-headed hydra
 14303 | Lair:2   | Noticed a seven-headed hydra
 14442 | Lair:1   | Reached skill level 12 in Long Blades
 14785 | Lair:2   | Reached *** piety under the Shining One
 15266 | Lair:3   | Reached XP level 12. HP: 92/92 MP: 15/15
 15374 | Lair:3   | Reached skill level 13 in Long Blades
 15828 | Lair:2   | Reached skill level 14 in Long Blades
 15937 | Lair:3   | Reached skill level 1 in Invocations
 16615 | Lair:4   | Found a hole to the Spider Nest.
 16680 | Lair:4   | Noticed an eight-headed hydra
 17133 | Lair:4   | Found a staircase to the Shoals.
 17147 | Lair:4   | Reached skill level 5 in Invocations
 17308 | Lair:4   | Reached XP level 13. HP: 100/100 MP: 18/18
 17330 | Lair:4   | Killed a ten-headed hydra
 17809 | Lair:4   | Reached skill level 10 in Fighting
 17975 | Lair:5   | Found a staircase to the Slime Pits.
 18431 | Lair:5   | Reached **** piety under the Shining One
 19140 | Lair:5   | Found the +8 whip "Snakebite" {curare, rPois}
 19703 | Lair:6   | Entered Level 6 of the Lair of Beasts
 19721 | Lair:6   | Found a frozen archway.
 20059 | IceCv    | Entered an ice cave
 20059 | IceCv    | Reached ***** piety under the Shining One
 20065 | IceCv    | HP: 2/103 [wolf spider simulacrum (14)]
 20066 | IceCv    | Mangled by a wolf spider simulacrum

Skill      XL: |  1  2  3  4  5  6  7  8  9 10 11 12 13 |
---------------+----------------------------------------+-----
Fighting       | 2 3 4 6 8 10 | 10.0
Dodging        | 3 4 5 6 7 9 |  9.3
Long Blades    | 2 5 8 11 12 14 | 14.0
Armour         | 1 4 5 7 |  7.9
Evocations     | 5 7 |  7.0
Invocations    | 5 |  5.0
Short Blades   | |  1.0
Stealth        | |  1.0

Action                   |  1- 3 |  4- 6 |  7- 9 | 10-12 | 13-15 || total
-------------------------+-------+-------+-------+-------+-------++-------
Melee: Short sword       |    79 |    98 |       |       |       ||   177
       Falchion          |       |    12 |   496 |   418 |       ||   926
       Hunting sling     |       |     1 |       |       |       ||     1
       Scimitar          |       |       |       |   547 |   417 ||   964
 Fire: Hunting sling     |    91 |   198 |    85 |       |       ||   374
Throw: Stone             |       |     2 |       |       |       ||     2
Invok: Divine Shield     |       |       |       |       |     1 ||     1
Evoke: Wand              |       |       |    24 |    32 |     8 ||    64
  Use: Scroll            |       |     6 |     9 |     7 |     3 ||    25
       Potion            |       |     2 |     5 |       |       ||     7
 Stab: Sleeping          |     2 |       |       |       |       ||     2
  Eat: Chunk             |     1 |     9 |    27 |    14 |     9 ||    60
       Ration            |       |       |     1 |     1 |       ||     2
Armor: Scale mail        |    74 |    88 |   202 |   336 |   187 ||   887
       Skin              |       |       |     7 |       |       ||     7
Dodge: Dodged            |    77 |   155 |   291 |   476 |   307 ||  1306
Block: Other             |       |       |       |       |    24 ||    24
       Rpst.: Falchion   |       |     2 |    81 |    59 |       ||   142
       Scimitar          |       |       |       |    78 |    84 ||   162
